 Dungeon Crawl Stone Soup version 0.31-a0-234-gad7ace16ef (webtiles) character file.

Game seed: 269897268038098111

44 qw the Shooter (level 3, 0/21 HPs)
             Began as a Gargoyle Hexslinger on July 9, 2023.
             Slain by a hobgoblin (3 damage)
             ... led by Robin
             ... on level 2 of the Dungeon.
             The game lasted 00:00:28 (760 turns).

qw the Shooter (Gargoyle Hexslinger)                 Turns: 760, Time: 00:00:29

Health: 0/21       AC:  6    Str: 11    XL:     3   Next: 62%
Magic:  4/4        EV: 11    Int: 13    God:
Gold:   50         SH:  0    Dex: 14    Spells: 3/4 levels left

rFire   . . .        Y - +1 sling
rCold   . . .        (no shield)
rNeg    + . .        l - +0 leather armour
rPois   inf          (no helmet)
rElec   +            (no cloak)
rCorr   .            (no gloves)
SInv    .            (no boots)
Will    .....        i - amulet of faith
Stlth   +            (no ring)
HPRegen 0.23/turn    (no ring)
MPRegen 0.09/turn

%: faith
@: no status effects
A: sickness immunity, AC +3, negative energy resistance 1, electricity
resistance, torment resistance 1, petrification resistance
a: no special abilities


You were on level 2 of the Dungeon.
You visited 1 branch of the dungeon, and saw 2 of its levels.

You collected 72 gold pieces.
You spent 22 gold pieces at shops.


Innate Abilities, Weirdness & Mutations

You are immune to sickness and miasma.
Your stone body is resilient. (AC +3)
You are immune to poison.
You resist negative energy. (rN+)
You are resistant to electric shocks. (rElec)
You are resistant to unholy torment.
You are immune to petrification.


   Skills:
 - Level 2.0 Fighting
 + Level 3.5 Ranged Weapons
 - Level 1.5 Dodging
 - Level 1.0 Spellcasting
 - Level 2.6 Hexes


You had 3 spell levels left.
You knew the following spells:

 Your Spells              Type           Power      Damage    Failure   Level
a - Slow                  Hex            28%        N/A       12%         1

Your spell library contained the following spells:

 Spells                   Type           Power      Damage    Failure   Level
 Inner Flame              Hex/Fire       4%         N/A       54%         3
 Portal Projectile        Hex/Tloc       8%         N/A       54%         3
 Cause Fear               Hex            3%         N/A       77%         4

Inventory:

Hand Weapons
 Y - a +1 sling (weapon)
Armour
 l - a +0 leather armour (worn)
Jewellery
 i - an amulet of faith (around neck)
Scrolls
 k - 2 scrolls of identify
Potions
 d - a potion of haste {unknown}
 j - a potion of enlightenment {unknown}

Dungeon Overview and Level Annotations

Branches:
Dungeon (2/15)

Altars:

Shops:
D:1 ?


Message History

The ball python barely misses you. The ball python grabs you.
The ball python constricts you. The ball python bites you.
The ball python constricts you. The goblin barely misses you.
The hobgoblin hits you. The goblin hits you with a +0 club.
You shoot a sling bullet.
The sling bullet closely misses the ball python.
The ball python closely misses you. The ball python constricts you.
The goblin barely misses you. x2; The hobgoblin closely misses you.
The ball python bites you. The ball python constricts you.
You shoot a sling bullet.
The sling bullet barely misses the ball python.
The goblin hits you but does no damage. The hobgoblin hits you.
The goblin completely misses you.
The ball python bites you but does no damage.
The ball python constricts you.
You shoot a sling bullet. The sling bullet hits the ball python.
You kill the ball python!
A goblin comes into view. It is wielding a +0 dagger.
The hobgoblin hits you. The goblin barely misses you. x3
The hobgoblin closely misses you. The hobgoblin barely misses you.
The goblin hits you but does no damage.
You shoot a sling bullet.
The sling bullet closely misses the goblin.
You hear a shout!
The goblin hits you but does no damage. The hobgoblin barely misses you.
The goblin completely misses you. The hobgoblin closely misses you.
You shoot a sling bullet.
The sling bullet barely misses the goblin.
The goblin barely misses you.
The hobgoblin hits you but does no damage. x2
The goblin misses you.
You shoot a sling bullet. The sling bullet hits the goblin!
You kill the goblin!
The hobgoblin hits you. The goblin closely misses you.
You shoot a sling bullet.
The sling bullet barely misses the hobgoblin.
The hobgoblin closely misses you. The hobgoblin barely misses you.
The goblin hits you but does no damage. x2; The hobgoblin closely misses you.
The goblin hits you but does no damage. The hobgoblin hits you.
You die...

### ...# ## ....#
###..!
!...g####.... ..#
..)ggggg..# ##..
#g@###### #...
##g.....######
#...
####........###...
#................
#.#..)###.###....
#.#...#..........
. #.....#######..
#. ##..># ###.. .
...### #.%).


You could see 3 hobgoblins and 5 goblins.

Vanquished Creatures
  A worm (D:1)
  4 bats (D:1)
  3 endoplasms (D:1)
  A giant cockroach (D:1)
  9 goblins
  A hobgoblin (D:1)
  7 kobolds
  A quokka (D:1)
  3 ball pythons
  3 frilled lizards (D:1)
  5 rats
38 creatures vanquished.

Notes
Turn   | Place    | Note
-------+----------+-------------------------------------------
     0 | D:1      | qw the Gargoyle Hexslinger began the quest for the Orb.
     0 | D:1      | Reached XP level 1. HP: 12/12 MP: 2/2
     0 | D:1      | 0 ||| qw: Version: 0.3-a-51-g015441d
     0 | D:1      | 0 ||| qw: Game counter: 4214
     0 | D:1      | 0 ||| qw: Melee chars always use a shield: true
     0 | D:1      | 0 ||| qw: God list: Okawaru
     0 | D:1      | 0 ||| qw: Allow faded altars: false
     0 | D:1      | 0 ||| qw: Do Orc after clearing Dungeon:15 true
     0 | D:1      | 0 ||| qw: Do second Lair branch before Depths: true
     0 | D:1      | 0 ||| qw: Lair rune preference: random
     0 | D:1      | 0 ||| qw: Goals: Normal
     0 | D:1      | 0 ||| PLANNING D:1-11
   109 | D:1      | Found a faded altar of an unknown god.
   114 | D:1      | Reached XP level 2. HP: 15/16 MP: 3/3
   153 | D:1      | Reached skill level 3 in Ranged Weapons
   282 | D:1      | Found Ownash's Magic Scroll Boutique.
   293 | D:1      | 293 ||| SHOPLISTING scroll of enchant weapon (82 gold, have
                  | 40).
   293 | D:1      | 293 ||| BUYING scroll of identify (22 gold).
   293 | D:1      | Bought a scroll of identify for 22 gold pieces
   293 | D:1      | 293 ||| SHOPLISTING scroll of identify (22 gold, have 18).
   336 | D:1      | Reached XP level 3. HP: 21/21 MP: 4/4
   558 | D:1      | 558 ||| UPGRADING to +0 leather armour.
   568 | D:1      | 568 ||| DROPPING +0 robe.
   569 | D:1      | 569 ||| UPGRADING to amulet of faith.
   574 | D:1      | 574 ||| READING scroll labelled XUUPOTHROE.
   578 | D:1      | 578 ||| READING scroll labelled SAKEDU AGGACASS.
   579 | D:1      | 579 ||| DRINKING 2 red potions.
   580 | D:1      | 580 ||| DRINKING 2 lumpy brown potions.
   581 | D:1      | 581 ||| DRINKING potion of curing.
   581 | D:1      | 581 ||| (to cure confusion)
   582 | D:1      | 582 ||| DROPPING scroll of poison.
   583 | D:1      | 583 ||| DROPPING potion of ambrosia.
   602 | D:2      | 602 ||| STAIRDANCE
   613 | D:2      | 613 ||| STAIRDANCE
   632 | D:2      | 632 ||| STAIRDANCE
   756 | D:2      | HP: 2/21 [hobgoblin[Robin] (4)]
   760 | D:2      | Slain by a hobgoblin

Levels and vault maps discovered:
D:1:      dpeg_arrival_rooms_c, layout_rooms, serial_shops, shop,
          hellmonk_ecumenical_altar_arch_garden, hangedman_decor_growths,
          minmay_vboxes
D:2:      cheibrodos_old_hovel, layout_rooms, uniq_sigmund, uniq_robin

Skill      XL: |  1  2 |
---------------+-------+-----
Ranged Weapons | 3 |  3.5
Fighting       | 2 |  2.0
Dodging        | |  1.5
Spellcasting   | |  1.0
Hexes          | |  2.6

Action                     || total
---------------------------++-------
   Fire: Sling             ||   124
    Use: Potion            ||     3
         Scroll            ||     2
 Armour: Robe              ||    14
         Leather armour    ||    32
  Dodge: Dodged            ||    75

Table legend:
 A = Non-vault XP
 B = Vault XP
 C = Vault XP percentage of total XP
 D = Non-vault monster count
 E = Vault monster count
 F = Vault count percentage of total count
                 A         B        C        D         E       F
            +---------+---------+-------+---------+---------+-------
      Total |      50 |      14 |  21.9 |      29 |       9 |  23.7
            +---------+---------+-------+---------+---------+-------
        D:1 |      42 |       6 |  12.5 |      24 |       5 |  17.2
        D:2 |       8 |       8 |  50.0 |       5 |       4 |  44.4
            +---------+---------+-------+---------+---------+-------
